WCHLSIM.com - West Coast Hockey League
html PUBLIC "-//W3C//DTD XHTML 1.0 Transitional//EN" "http://www.w3.org/TR/xhtml1/DTD/xhtml1-transitional.dtd"> WCHL - Game 252 - KANSAS CITY KILLERBEES vs UTAH ICE BEARS

KANSAS CITY KILLERBEES vs UTAH ICE BEARS

Created - 21 novembre 2021 at 22:39

Goals
1 2 3 T
KANSAS CITY KILLERBEES 1 1 0 2
UTAH ICE BEARS 0 1 0 1
Shots
1 2 3 T
KANSAS CITY KILLERBEES 13 7 7 27
UTAH ICE BEARS 6 10 5 21

1st period

1. KANSAS CITY KILLERBEES , Mark Stone 8 (Sean Couturier 12, Zach Hyman 9) at 8:50

Penalties :
Colin Miller (KCK) for Tripping (Minor) at 10:11, Nicholas Paul (UTA) for Elbowing (Minor) at 16:35

2nd period

2. UTAH ICE BEARS , Artem Anisimov 1 (Artem Zub 3) at 1:19
3. KANSAS CITY KILLERBEES , Zach Aston-Reese 3 (Will Butcher 2, Trevor Moore 3) at 4:09

Penalties :
Erik Gudbranson (UTA) for High sticking (Minor) at 9:22, K'Andre Miller (KCK) for Cross-checking (Minor) at 12:43, Nicholas Ritchie (KCK) for Hooking (Minor) at 17:08

3rd period

No Goal

Penalties :
Artem Zub (UTA) for Roughing (Minor) at 6:45

Goalie Stats

John Gibson (KCK), 20 saves from 21 shots - (0,952), W, 5-2-0, 60:00 minutes
Devan Dubnyk (UTA), 25 saves from 27 shots - (0,926), L, 2-6-0, 60:00 minutes

Players Stats for KANSAS CITY KILLERBEES

Player Name              G  A  P  +/- PIM S  H  SB GA TA FO     MP     PP MP  PK MP  
------------------------------------------------------------------------------------
Adam Larsson             0  0  0   0  0   0  1  1  0  0  0/0    21:57   3:13   0:00 
Cam Fowler               0  0  0   0  0   3  0  1  0  0  0/0    18:26   0:00   2:04 
Colin Miller             0  0  0   1  2   0  1  0  0  0  0/0    15:23   0:00   1:56 
Jacob Muzzin             0  0  0   0  0   2  2  0  0  0  0/0    24:25   2:44   3:06 
Jakub Zboril             0  0  0   0  0   0  0  0  0  0  0/0     0:00   0:00   0:00 
Josh Archibald           0  0  0   0  0   0  0  0  0  0  4/8     4:45   0:00   1:20 
K'Andre Miller           0  0  0   0  2   0  1  0  0  0  0/0    21:03   3:13   1:57 
Mark Stone               1  0  1   0  0   6  1  0  0  0  0/0    21:59   2:43   0:00 
Nicholas Ritchie         0  0  0   0  2   2  2  0  0  0  0/2    19:26   3:14   1:38 
Nick Schmaltz            0  0  0   0  0   2  1  0  0  0  2/4    19:44   3:14   1:14 
Riley Sheahan            0  0  0   1  0   0  0  0  0  0  2/3    15:19   0:00   1:45 
Ryan Dzingel             0  0  0   0  0   1  0  0  0  0  0/0     3:20   0:00   0:00 
Sean Couturier           0  1  1   0  0   3  0  0  0  0  15/23  19:15   2:43   0:00 
Trevor Moore             0  1  1   1  0   2  0  0  0  0  1/1    16:56   0:00   3:17 
Will Butcher             0  1  1   1  0   1  0  1  0  0  0/0    18:44   2:44   2:51 
Yegor Sharangovich       0  0  0   0  0   2  2  0  0  0  6/18   17:49   3:14   0:00 
Zach Aston-Reese         1  0  1   1  0   3  1  0  0  0  4/16   16:14   0:00   2:40 
Zach Hyman               0  1  1   0  0   0  1  0  0  0  1/1    19:15   2:43   0:00 

Players Stats for UTAH ICE BEARS

Player Name              G  A  P  +/- PIM S  H  SB GA TA FO     MP     PP MP  PK MP  
------------------------------------------------------------------------------------
Adam Mascherin           0  0  0  -1  0   0  1  0  0  0  8/19   15:17   0:00   0:25 
Alexander Edler          0  0  0   0  0   0  1  0  0  0  0/0    23:36   3:30   1:12 
Andrew Mangiapane        0  0  0  -1  0   3  2  0  0  0  0/0    14:52   0:00   0:00 
Artem Anisimov           1  0  1   0  0   2  0  0  0  0  12/19  14:42   3:05   2:08 
Artem Zub                0  1  1   0  2   1  1  1  0  0  0/0    22:44   2:01   1:56 
Blake Lizotte            0  0  0   0  0   1  0  0  0  0  3/5     9:40   0:00   0:00 
Casey Mittelstadt        0  0  0  -1  0   0  0  0  0  0  0/0    20:19   3:05   2:22 
Erik Gudbranson          0  0  0  -1  2   0  0  1  0  0  0/0     9:11   0:00   0:57 
Kyle Okposo              0  0  0   0  0   3  0  0  0  0  3/4    19:34   2:52   1:58 
MacKenzie Weegar         0  0  0   0  0   0  1  0  0  0  0/0    24:06   3:30   2:16 
Matthew Phillips         0  0  0   0  0   0  0  0  0  0  0/1     9:01   0:00   0:00 
Mattias Janmark          0  0  0   0  0   1  0  0  0  0  0/1    10:10   0:00   0:41 
Nicholas Paul            0  0  0   0  2   1  1  0  0  0  12/21  18:45   2:52   1:10 
Ross Colton              0  0  0   0  0   1  0  0  0  0  1/1     9:01   0:00   0:00 
Rudolfs Balcers          0  0  0   0  0   5  1  0  0  0  0/0    17:36   2:52   0:00 
T.J. Brodie              0  0  0  -1  0   1  0  1  0  0  0/0    20:14   2:27   3:11 
Troy Stecher             0  0  0   0  0   0  0  1  0  0  0/0    19:03   0:26   1:57 
Zachary Sanford          0  0  0   0  0   2  3  0  0  0  2/5    16:09   3:05   3:35 

3 Stars

1 - Zach Aston-Reese (KCK)
2 - Mark Stone (KCK)
3 - John Gibson (KCK)

Power Play

KANSAS CITY KILLERBEES - 0 on 3 Attempt(s) - 0,00%
UTAH ICE BEARS - 0 on 3 Attempt(s) - 0,00%

Penalty Kill

KANSAS CITY KILLERBEES - 3 on 3 Attempt(s) - 100,00% - Score 0 goal in Penalty Kill
UTAH ICE BEARS - 3 on 3 Attempt(s) - 100,00% - Score 0 goal in Penalty Kill

Team Stat

KANSAS CITY KILLERBEES - Hits : 13 - Faceoff Wins : 35 - Blocked Shots : 3 - Penalty Minutes : 6
UTAH ICE BEARS - Hits : 11 - Faceoff Wins : 41 - Blocked Shots : 4 - Penalty Minutes : 6

Official

Referees : Brad Meier and Chris Rooney
Linesman : Luke Galvin and Julien Fournier

Game Notes

Erik Gudbranson is injured at 12:10 of 2nd period (Lacerated Left Calf)

Finance

Level 1 -- Attendance: 6032 (77,83%) -- Ticket Income 723 840 $
Level 2 -- Attendance: 4962 (86,30%) -- Ticket Income 401 922 $
Level 3 -- Attendance: 2500 (100,00%) -- Ticket Income 162 500 $
Level 4 -- Attendance: 4697 (93,94%) -- Ticket Income 192 577 $
Luxury Box -- Attendance: 1000 (100,00%) -- Ticket Income 250 000 $
Total Attendance: 19191 (87,23%)
Total Ticket Income: 1 730 839 $
Other Expense: 17 308 $
Total Income: 1 713 531 $

KANSAS CITY KILLERBEES

5 vs 5 Forward 
   Center                   Left Wing                Right Wing               Time % Phy DF OF 
 1 Sean Couturier           Zach Hyman               Mark Stone               34     1   2  2  
 2 Yegor Sharangovich       Nicholas Ritchie         Nick Schmaltz            33     1   2  2  
 3 Zach Aston-Reese         Riley Sheahan            Trevor Moore             25     1   2  2  
 4 Josh Archibald           Ryan Dzingel             Mark Stone               8      1   2  2  

5 vs 5 Defense 
   Defense                  Defense                                           Time % Phy DF OF 
 1 Jacob Muzzin             K'Andre Miller                                    35     1   2  2  
 2 Adam Larsson             Cam Fowler                                        35     1   2  2  
 3 Colin Miller             Will Butcher                                      20     1   2  2  
 4 Adam Larsson             Jacob Muzzin                                      10     1   2  2  

PowerPlay Forward 
   Center                   Left Wing                Right Wing               Time % Phy DF OF 
 1 Sean Couturier           Zach Hyman               Mark Stone               55     1   2  2  
 2 Yegor Sharangovich       Nick Schmaltz            Nicholas Ritchie         45     1   2  2  

PowerPlay Defense
   Defense                  Defense                                           Time % Phy DF OF 
 1 Will Butcher             Jacob Muzzin                                      55     1   2  2  
 2 Adam Larsson             K'Andre Miller                                    45     1   2  2  

Penalty Kill 4 Players Forward 
   Center                   Wing                     Time % Phy DF OF 
 1 Zach Aston-Reese         Trevor Moore             55     1   2  2  
 2 Riley Sheahan            Nicholas Ritchie         45     1   2  2  

Penalty Kill 4 Players Defense
   Defense                  Defense                  Time % Phy DF OF 
 1 K'Andre Miller           Jacob Muzzin             55     1   2  2  
 2 Will Butcher             Colin Miller             45     1   2  2  

Penalty Kill - 3 Players Forward 
   Forward                                           Time % Phy DF OF 
 1 Zach Aston-Reese                                  55     1   2  2  
 2 Riley Sheahan                                     45     1   2  2  

Penalty Kill - 3 Players Defense
   Defense                  Defense                  Time % Phy DF OF 
 1 K'Andre Miller           Jacob Muzzin             55     1   2  2  
 2 Colin Miller             Will Butcher             45     1   2  2  

4 vs 4 Forward 
   Center                   Wing                     Time % Phy DF OF 
 1 Sean Couturier           Mark Stone               55     1   2  2  
 2 Yegor Sharangovich       Nick Schmaltz            45     1   2  2  

4 vs 4 Defense
   Defense                  Defense                  Time % Phy DF OF 
 1 Jacob Muzzin             K'Andre Miller           55     1   2  2  
 2 Adam Larsson             Will Butcher             45     1   2  2  

Last Minutes Offensive
   Center                   Left Wing                Right Wing               Defense                  Defense                  
   Sean Couturier           Zach Hyman               Mark Stone               Jacob Muzzin             Will Butcher             

Last Minutes Defensive
   Center                   Left Wing                Right Wing               Defense                  Defense                  
   Sean Couturier           Zach Hyman               Mark Stone               Adam Larsson             Jacob Muzzin             

Goaltenders
Starting : John Gibson              
Backup : Casey DeSmith            

Extra Forwards
Normal : Sean Couturier, Zach Hyman, Nick Schmaltz - PP : Nick Schmaltz, Mark Stone - PK : Nicholas Ritchie
Extra Defensemen
Normal : Adam Larsson, K'Andre Miller, Jacob Muzzin - PP : K'Andre Miller - PK : Will Butcher, K'Andre Miller
Penalty Shots
Sean Couturier, Mark Stone, Zach Hyman, Yegor Sharangovich, Nick Schmaltz
Custom OT Lines Forwards
Sean Couturier, K'Andre Miller, Nick Schmaltz, Zach Hyman, Yegor Sharangovich, Nicholas Ritchie, Zach Aston-Reese, Trevor Moore, Riley Sheahan, Ryan Dzingel
Custom OT Lines Defensemen
Jacob Muzzin, Adam Larsson, Colin Miller, K'Andre Miller, Will Butcher

Scratches
Mikko Koivu (Healthy), Buddy Robinson (Healthy), Colin White (Torn Left Knee Ligaments Injury)

UTAH ICE BEARS

5 vs 5 Forward 
   Center                   Left Wing                Right Wing               Time % Phy DF OF 
 1 Adam Mascherin           Andrew Mangiapane        Casey Mittelstadt        33     1   2  2  
 2 Nicholas Paul            Rudolfs Balcers          Kyle Okposo              31     1   2  2  
 3 Artem Anisimov           Zachary Sanford          Mattias Janmark          23     1   2  2  
 4 Blake Lizotte            Ross Colton              Matthew Phillips         13     1   2  2  

5 vs 5 Defense 
   Defense                  Defense                                           Time % Phy DF OF 
 1 MacKenzie Weegar         Alexander Edler                                   36     1   2  2  
 2 T.J. Brodie              Artem Zub                                         31     1   2  2  
 3 Erik Gudbranson          Troy Stecher                                      23     1   2  2  
 4 Artem Zub                Troy Stecher                                      10     1   2  2  

PowerPlay Forward 
   Center                   Left Wing                Right Wing               Time % Phy DF OF 
 1 Zachary Sanford          Artem Anisimov           Casey Mittelstadt        55     1   2  2  
 2 Nicholas Paul            Rudolfs Balcers          Kyle Okposo              45     1   2  2  

PowerPlay Defense
   Defense                  Defense                                           Time % Phy DF OF 
 1 MacKenzie Weegar         Alexander Edler                                   55     1   2  2  
 2 T.J. Brodie              Artem Zub                                         45     1   2  2  

Penalty Kill 4 Players Forward 
   Center                   Wing                     Time % Phy DF OF 
 1 Kyle Okposo              Zachary Sanford          55     1   2  2  
 2 Nicholas Paul            Casey Mittelstadt        45     1   2  2  

Penalty Kill 4 Players Defense
   Defense                  Defense                  Time % Phy DF OF 
 1 MacKenzie Weegar         Erik Gudbranson          55     1   2  2  
 2 T.J. Brodie              Artem Zub                45     1   2  2  

Penalty Kill - 3 Players Forward 
   Forward                                           Time % Phy DF OF 
 1 Casey Mittelstadt                                 55     1   2  2  
 2 Nicholas Paul                                     45     1   2  2  

Penalty Kill - 3 Players Defense
   Defense                  Defense                  Time % Phy DF OF 
 1 MacKenzie Weegar         Erik Gudbranson          55     1   2  2  
 2 T.J. Brodie              Artem Zub                45     1   2  2  

4 vs 4 Forward 
   Center                   Wing                     Time % Phy DF OF 
 1 Artem Anisimov           Kyle Okposo              55     1   2  2  
 2 Nicholas Paul            Casey Mittelstadt        45     1   2  2  

4 vs 4 Defense
   Defense                  Defense                  Time % Phy DF OF 
 1 MacKenzie Weegar         Alexander Edler          55     1   2  2  
 2 T.J. Brodie              Artem Zub                45     1   2  2  

Last Minutes Offensive
   Center                   Left Wing                Right Wing               Defense                  Defense                  
   Adam Mascherin           Andrew Mangiapane        Casey Mittelstadt        MacKenzie Weegar         Alexander Edler          

Last Minutes Defensive
   Center                   Left Wing                Right Wing               Defense                  Defense                  
   Adam Mascherin           Andrew Mangiapane        Casey Mittelstadt        MacKenzie Weegar         Alexander Edler          

Goaltenders
Starting : Devan Dubnyk             
Backup : Thatcher Demko           

Extra Forwards
Normal : Ross Colton, Zachary Sanford, Artem Anisimov - PP : Ross Colton, Zachary Sanford - PK : Artem Anisimov
Extra Defensemen
Normal : Erik Gudbranson, Troy Stecher, T.J. Brodie - PP : Erik Gudbranson - PK : Troy Stecher, T.J. Brodie
Penalty Shots
Adam Mascherin, Artem Anisimov, Nicholas Paul, Casey Mittelstadt, Kyle Okposo
Custom OT Lines Forwards
Adam Mascherin, Andrew Mangiapane, Nicholas Paul, Casey Mittelstadt, Kyle Okposo, Rudolfs Balcers, Zachary Sanford, Artem Anisimov, Blake Lizotte, Ross Colton
Custom OT Lines Defensemen
MacKenzie Weegar, Alexander Edler, T.J. Brodie, Artem Zub, Erik Gudbranson

Scratches
Alexander Barabanov (Healthy), Alex Galchenyuk (Right Foot Injury), Radim Simek (Healthy)

% Time on Ice - KANSAS CITY KILLERBEES

Lines # - Real PCT - Wanted PCT - Time Play
Normal Forward
1 - 34% - 34% - 15:58
2 - 31% - 33% - 14:35
3 - 29% - 25% - 13:34
4 - 7% - 8% - 3:20
Normal Defense
1 - 33% - 35% - 15:49
2 - 34% - 35% - 16:17
3 - 28% - 20% - 13:09
4 - 5% - 10% - 2:12
PP Forward
1 - 46% - 55% - 2:43
2 - 54% - 45% - 3:14
PP Defense
1 - 46% - 55% - 2:44
2 - 54% - 45% - 3:13
PK Forward
1 - 65% - 55% - 3:52
2 - 35% - 45% - 2:05
PK Defense
1 - 52% - 55% - 3:06
2 - 48% - 45% - 2:51
PK3 Forward
1 - 0% - 55%
2 - 0% - 45%
PK3 Defense
1 - 0% - 55%
2 - 0% - 45%
44 Forward
1 - 0% - 55%
2 - 0% - 45%
44 Defense
1 - 0% - 55%
2 - 0% - 45%
Last Minute Offensive  - 0:00
Last Minute Defensive  - 0:39
Total
Forward - 60:00
Defense - 60:00

% Time on Ice - UTAH ICE BEARS

Lines # - Real PCT - Wanted PCT - Time Play
Normal Forward
1 - 30% - 33% - 14:25
2 - 31% - 31% - 14:44
3 - 20% - 23% - 9:29
4 - 19% - 13% - 9:01
Normal Defense
1 - 35% - 36% - 16:45
2 - 27% - 31% - 13:06
3 - 32% - 23% - 15:15
4 - 5% - 10% - 2:33
PP Forward
1 - 52% - 55% - 3:05
2 - 48% - 45% - 2:52
PP Defense
1 - 59% - 55% - 3:30
2 - 41% - 45% - 2:27
PK Forward
1 - 60% - 55% - 3:35
2 - 40% - 45% - 2:22
PK Defense
1 - 63% - 55% - 3:44
2 - 37% - 45% - 2:13
PK3 Forward
1 - 0% - 55%
2 - 0% - 45%
PK3 Defense
1 - 0% - 55%
2 - 0% - 45%
44 Forward
1 - 0% - 55%
2 - 0% - 45%
44 Defense
1 - 0% - 55%
2 - 0% - 45%
Last Minute Offensive  - 0:27
Last Minute Defensive  - 0:00
Total
Forward - 60:00
Defense - 60:00

Play-by-Play

1st period


0:01 of 1st period - Sean Couturier wins face-off versus Adam Mascherin in neutral zone.
0:15 of 1st period - MacKenzie Weegar is hit by Mark Stone and loses puck.
0:24 of 1st period - Shot by Sean Couturier.
0:24 of 1st period - Stopped by Devan Dubnyk without a rebound.
0:25 of 1st period - Nicholas Paul wins face-off versus Nicholas Ritchie in UTAH ICE BEARS zone.
0:41 of 1st period - Shot by Yegor Sharangovich.
0:41 of 1st period - Shot Misses the Net.
0:43 of 1st period - Shot by Cam Fowler.
0:43 of 1st period - Stopped by Devan Dubnyk without a rebound.
0:44 of 1st period - Artem Anisimov wins face-off versus Zach Aston-Reese in UTAH ICE BEARS zone.
1:15 of 1st period - Shot by Mattias Janmark.
1:15 of 1st period - Stopped by John Gibson with a rebound.
1:48 of 1st period - Shot by Nicholas Ritchie.
1:48 of 1st period - Stopped by Devan Dubnyk without a rebound.
1:49 of 1st period - Nicholas Paul wins face-off versus Sean Couturier in UTAH ICE BEARS zone.
2:05 of 1st period - Shot by Kyle Okposo.
2:05 of 1st period - Stopped by John Gibson without a rebound.
2:06 of 1st period - Yegor Sharangovich wins face-off versus Adam Mascherin in KANSAS CITY KILLERBEES zone.
2:24 of 1st period - Shot by Casey Mittelstadt.
2:24 of 1st period - Deflect By Andrew Mangiapane.
2:24 of 1st period - Stopped by John Gibson with a rebound.
2:38 of 1st period - Nicholas Ritchie is hit by Andrew Mangiapane.
2:48 of 1st period - MacKenzie Weegar is hit by Yegor Sharangovich and loses puck.
3:24 of 1st period - Shot by Sean Couturier.
3:24 of 1st period - Shot Misses the Net.
4:35 of 1st period - Shot by Zach Aston-Reese.
4:35 of 1st period - Deflect By Trevor Moore.
4:35 of 1st period - Stopped by Devan Dubnyk without a rebound.
4:36 of 1st period - Josh Archibald wins face-off versus Nicholas Paul in UTAH ICE BEARS zone.
5:01 of 1st period - Shot by Ryan Dzingel.
5:01 of 1st period - Stopped by Devan Dubnyk without a rebound.
5:02 of 1st period - Yegor Sharangovich wins face-off versus Adam Mascherin in UTAH ICE BEARS zone.
5:24 of 1st period - Shot by Yegor Sharangovich.
5:24 of 1st period - Shot Misses the Net.
5:40 of 1st period - Andrew Mangiapane is hit by Yegor Sharangovich and loses puck.
7:18 of 1st period - Icing by Sean Couturier.
7:19 of 1st period - Sean Couturier wins face-off versus Artem Anisimov in KANSAS CITY KILLERBEES zone.
7:37 of 1st period - Off-side.
7:38 of 1st period - Ross Colton wins face-off versus Yegor Sharangovich in neutral zone.
8:00 of 1st period - Shot by Ross Colton.
8:00 of 1st period - Shot Misses the Net.
8:19 of 1st period - Icing by K'Andre Miller.
8:20 of 1st period - Yegor Sharangovich wins face-off versus Artem Anisimov in KANSAS CITY KILLERBEES zone.
8:38 of 1st period - Shot by Zachary Sanford.
8:38 of 1st period - Stopped by John Gibson without a rebound.
8:39 of 1st period - Sean Couturier wins face-off versus Adam Mascherin in KANSAS CITY KILLERBEES zone.
8:44 of 1st period - Shot by Mark Stone.
8:44 of 1st period - Shot Blocked by T.J. Brodie.
8:48 of 1st period - Shot by Zach Hyman.
8:48 of 1st period - Deflect By Sean Couturier.
8:48 of 1st period - Shot Misses the Net.
8:50 of 1st period - Shot by Mark Stone.
8:50 of 1st period - Goal by Mark Stone - KANSAS CITY KILLERBEES : 1 - UTAH ICE BEARS : 0.
8:51 of 1st period - Nicholas Paul wins face-off versus Zach Aston-Reese in neutral zone.
9:11 of 1st period - Nicholas Paul is hit by Colin Miller and loses puck.
9:37 of 1st period - Icing by Will Butcher.
9:38 of 1st period - Adam Mascherin wins face-off versus Zach Aston-Reese in KANSAS CITY KILLERBEES zone.
10:11 of 1st period - Minor Penalty to Colin Miller for Tripping.
10:12 of 1st period - Nick Schmaltz wins face-off versus Zachary Sanford in KANSAS CITY KILLERBEES zone.
11:06 of 1st period - Icing by Artem Anisimov.
11:07 of 1st period - Artem Anisimov wins face-off versus Zach Aston-Reese in UTAH ICE BEARS zone.
12:02 of 1st period - Shot by Rudolfs Balcers.
12:02 of 1st period - Stopped by John Gibson without a rebound.
12:03 of 1st period - Nicholas Paul wins face-off versus Riley Sheahan in KANSAS CITY KILLERBEES zone.
12:42 of 1st period - Shot by Ross Colton.
12:42 of 1st period - Stopped by John Gibson without a rebound.
12:43 of 1st period - Yegor Sharangovich wins face-off versus Nicholas Paul in KANSAS CITY KILLERBEES zone.
12:43 of 1st period - Yegor Sharangovich is hit by Rudolfs Balcers.
13:35 of 1st period - Icing by Jacob Muzzin.
13:36 of 1st period - Sean Couturier wins face-off versus Artem Anisimov in KANSAS CITY KILLERBEES zone.
13:56 of 1st period - Shot by Sean Couturier.
13:56 of 1st period - Shot Misses the Net.
14:17 of 1st period - Icing by Zachary Sanford.
14:18 of 1st period - Artem Anisimov wins face-off versus Yegor Sharangovich in UTAH ICE BEARS zone.
15:01 of 1st period - Shot by Andrew Mangiapane.
15:01 of 1st period - Shot Blocked by Will Butcher.
15:45 of 1st period - Trevor Moore is hit by Artem Zub and loses puck.
16:16 of 1st period - Shot by Zach Hyman.
16:16 of 1st period - Shot Misses the Net.
16:18 of 1st period - Shot by Sean Couturier.
16:18 of 1st period - Stopped by Devan Dubnyk with a rebound.
16:35 of 1st period - Minor Penalty to Nicholas Paul for Elbowing.
16:36 of 1st period - Yegor Sharangovich wins face-off versus Artem Anisimov in UTAH ICE BEARS zone.
16:41 of 1st period - Shot by Yegor Sharangovich.
16:41 of 1st period - Stopped by Devan Dubnyk without a rebound.
16:42 of 1st period - Kyle Okposo wins face-off versus Yegor Sharangovich in UTAH ICE BEARS zone.
16:42 of 1st period - Kyle Okposo is hit by Nicholas Ritchie.
16:54 of 1st period - Shot by Jacob Muzzin.
16:54 of 1st period - Stopped by Devan Dubnyk with a rebound.
16:56 of 1st period - Shot by Nick Schmaltz.
16:56 of 1st period - Shot Misses the Net.
16:58 of 1st period - Shot by Will Butcher.
16:58 of 1st period - Shot Misses the Net.
17:00 of 1st period - Shot by Will Butcher.
17:00 of 1st period - Shot Misses the Net.
17:02 of 1st period - Shot by Jacob Muzzin.
17:02 of 1st period - Stopped by Devan Dubnyk without a rebound.
17:03 of 1st period - Kyle Okposo wins face-off versus Sean Couturier in UTAH ICE BEARS zone.
17:09 of 1st period - Icing by Sean Couturier.
17:10 of 1st period - Zachary Sanford wins face-off versus Sean Couturier in KANSAS CITY KILLERBEES zone.
18:21 of 1st period - Shot by Jacob Muzzin.
18:21 of 1st period - Shot Misses the Net.
19:01 of 1st period - Shot by Trevor Moore.
19:01 of 1st period - Stopped by Devan Dubnyk with a rebound.
19:03 of 1st period - Shot by Cam Fowler.
19:03 of 1st period - Stopped by Devan Dubnyk without a rebound.
19:04 of 1st period - Josh Archibald wins face-off versus Adam Mascherin in UTAH ICE BEARS zone.
19:19 of 1st period - Shot by Mark Stone.
19:19 of 1st period - Shot Blocked by Troy Stecher.
19:42 of 1st period - Shot by Will Butcher.
19:42 of 1st period - Stopped by Devan Dubnyk without a rebound.
19:43 of 1st period - Artem Anisimov wins face-off versus Yegor Sharangovich in UTAH ICE BEARS zone.
Goals for this period are 1 for KANSAS CITY KILLERBEES vs 0 for UTAH ICE BEARS.
Shots for this period are 13 for KANSAS CITY KILLERBEES vs 6 for UTAH ICE BEARS.

2nd period


0:01 of 2nd period - Sean Couturier wins face-off versus Adam Mascherin in neutral zone.
0:01 of 2nd period - Zach Hyman is hit by Andrew Mangiapane and loses puck.
0:11 of 2nd period - Icing by MacKenzie Weegar.
0:12 of 2nd period - Adam Mascherin wins face-off versus Yegor Sharangovich in UTAH ICE BEARS zone.
0:12 of 2nd period - Andrew Mangiapane is hit by Nicholas Ritchie and loses puck.
0:33 of 2nd period - MacKenzie Weegar is hit by Nick Schmaltz and loses puck.
0:41 of 2nd period - Shot by Nick Schmaltz.
0:41 of 2nd period - Stopped by Devan Dubnyk without a rebound.
0:42 of 2nd period - Zach Hyman wins face-off versus Artem Anisimov in UTAH ICE BEARS zone.
0:55 of 2nd period - Shot by Sean Couturier.
0:55 of 2nd period - Shot Misses the Net.
1:19 of 2nd period - Shot by Artem Anisimov.
1:19 of 2nd period - Goal by Artem Anisimov - KANSAS CITY KILLERBEES : 1 - UTAH ICE BEARS : 1.
1:20 of 2nd period - Nicholas Paul wins face-off versus Yegor Sharangovich in neutral zone.
1:22 of 2nd period - Off-side.
1:23 of 2nd period - Nicholas Paul wins face-off versus Yegor Sharangovich in neutral zone.
1:43 of 2nd period - Shot by Rudolfs Balcers.
1:43 of 2nd period - Stopped by John Gibson without a rebound.
1:44 of 2nd period - Sean Couturier wins face-off versus Adam Mascherin in KANSAS CITY KILLERBEES zone.
1:49 of 2nd period - Shot by Sean Couturier.
1:49 of 2nd period - Shot Misses the Net.
3:37 of 2nd period - Shot by Nicholas Paul.
3:37 of 2nd period - Stopped by John Gibson without a rebound.
3:38 of 2nd period - Artem Anisimov wins face-off versus Zach Aston-Reese in KANSAS CITY KILLERBEES zone.
3:41 of 2nd period - Shot by Mattias Janmark.
3:41 of 2nd period - Shot Misses the Net.
4:09 of 2nd period - Shot by Zach Aston-Reese.
4:09 of 2nd period - Goal by Zach Aston-Reese - KANSAS CITY KILLERBEES : 2 - UTAH ICE BEARS : 1.
4:10 of 2nd period - Sean Couturier wins face-off versus Kyle Okposo in neutral zone.
4:12 of 2nd period - Off-side.
4:13 of 2nd period - Sean Couturier wins face-off versus Nicholas Paul in neutral zone.
4:13 of 2nd period - Zach Hyman is hit by Nicholas Paul and loses puck.
4:26 of 2nd period - Shot by Rudolfs Balcers.
4:26 of 2nd period - Stopped by John Gibson with a rebound.
4:36 of 2nd period - Shot by Rudolfs Balcers.
4:36 of 2nd period - Stopped by John Gibson without a rebound.
4:37 of 2nd period - Zach Aston-Reese wins face-off versus Artem Anisimov in KANSAS CITY KILLERBEES zone.
4:37 of 2nd period - Zach Aston-Reese is hit by Zachary Sanford.
5:29 of 2nd period - Zachary Sanford is hit by Zach Aston-Reese and loses puck.
7:02 of 2nd period - Icing by Alexander Edler.
7:03 of 2nd period - Nicholas Paul wins face-off versus Josh Archibald in UTAH ICE BEARS zone.
9:07 of 2nd period - Shot by Nick Schmaltz.
9:07 of 2nd period - Stopped by Devan Dubnyk without a rebound.
9:08 of 2nd period - Sean Couturier wins face-off versus Artem Anisimov in UTAH ICE BEARS zone.
9:09 of 2nd period - Shot by Mark Stone.
9:09 of 2nd period - Shot Misses the Net.
9:22 of 2nd period - Minor Penalty to Erik Gudbranson for High sticking.
9:23 of 2nd period - Artem Anisimov wins face-off versus Yegor Sharangovich in UTAH ICE BEARS zone.
12:10 of 2nd period - Shot by Ryan Dzingel.
12:10 of 2nd period - Shot Blocked by Erik Gudbranson.
12:10 of 2nd period - Erik Gudbranson from UTAH ICE BEARS is injured at 12:10 of 2nd period (Lacerated Left Calf).
12:11 of 2nd period - Sean Couturier wins face-off versus Adam Mascherin in UTAH ICE BEARS zone.
12:12 of 2nd period - Shot by Mark Stone.
12:12 of 2nd period - Stopped by Devan Dubnyk without a rebound.
12:13 of 2nd period - Sean Couturier wins face-off versus Adam Mascherin in UTAH ICE BEARS zone.
12:42 of 2nd period - T.J. Brodie is hit by Jacob Muzzin.
12:43 of 2nd period - Minor Penalty to K'Andre Miller for Cross-checking.
12:44 of 2nd period - Zach Aston-Reese wins face-off versus Nicholas Paul in KANSAS CITY KILLERBEES zone.
12:50 of 2nd period - Icing by Alexander Edler.
12:51 of 2nd period - Zach Aston-Reese wins face-off versus Nicholas Paul in UTAH ICE BEARS zone.
13:37 of 2nd period - Icing by MacKenzie Weegar.
13:38 of 2nd period - Nicholas Paul wins face-off versus Zach Aston-Reese in UTAH ICE BEARS zone.
14:27 of 2nd period - Shot by Zachary Sanford.
14:27 of 2nd period - Stopped by John Gibson without a rebound.
14:28 of 2nd period - Riley Sheahan wins face-off versus Zachary Sanford in KANSAS CITY KILLERBEES zone.
16:10 of 2nd period - Shot by Nicholas Ritchie.
16:10 of 2nd period - Stopped by Devan Dubnyk without a rebound.
16:11 of 2nd period - Trevor Moore wins face-off versus Adam Mascherin in UTAH ICE BEARS zone.
16:30 of 2nd period - Shot by Casey Mittelstadt.
16:30 of 2nd period - Shot Misses the Net.
16:35 of 2nd period - Icing by K'Andre Miller.
16:36 of 2nd period - Nicholas Paul wins face-off versus Zach Aston-Reese in KANSAS CITY KILLERBEES zone.
16:36 of 2nd period - Nicholas Paul is hit by K'Andre Miller.
16:38 of 2nd period - Shot by Kyle Okposo.
16:38 of 2nd period - Stopped by John Gibson without a rebound.
16:39 of 2nd period - Sean Couturier wins face-off versus Nicholas Paul in KANSAS CITY KILLERBEES zone.
16:48 of 2nd period - Shot by Zach Hyman.
16:48 of 2nd period - Shot Misses the Net.
16:55 of 2nd period - MacKenzie Weegar is hit by Adam Larsson.
17:05 of 2nd period - Shot by Sean Couturier.
17:05 of 2nd period - Stopped by Devan Dubnyk with a rebound.
17:07 of 2nd period - Shot by Mark Stone.
17:07 of 2nd period - Stopped by Devan Dubnyk without a rebound.
17:08 of 2nd period - Adam Mascherin wins face-off versus Nick Schmaltz in UTAH ICE BEARS zone.
17:08 of 2nd period - Minor Penalty to Nicholas Ritchie for Hooking.
17:09 of 2nd period - Zachary Sanford wins face-off versus Zach Aston-Reese in KANSAS CITY KILLERBEES zone.
18:41 of 2nd period - Shot by Kyle Okposo.
18:41 of 2nd period - Stopped by John Gibson without a rebound.
18:42 of 2nd period - Riley Sheahan wins face-off versus Nicholas Paul in KANSAS CITY KILLERBEES zone.
19:08 of 2nd period - Shot by Rudolfs Balcers.
19:08 of 2nd period - Shot Blocked by Cam Fowler.
19:16 of 2nd period - Shot by Ross Colton.
19:16 of 2nd period - Deflect By Blake Lizotte.
19:16 of 2nd period - Stopped by John Gibson without a rebound.
19:17 of 2nd period - Adam Mascherin wins face-off versus Sean Couturier in KANSAS CITY KILLERBEES zone.
19:20 of 2nd period - Shot by Andrew Mangiapane.
19:20 of 2nd period - Shot Blocked by Adam Larsson.
19:22 of 2nd period - Shot by Andrew Mangiapane.
19:22 of 2nd period - Shot Misses the Net.
19:24 of 2nd period - Shot by Andrew Mangiapane.
19:24 of 2nd period - Stopped by John Gibson without a rebound.
19:25 of 2nd period - Blake Lizotte wins face-off versus Yegor Sharangovich in KANSAS CITY KILLERBEES zone.
19:41 of 2nd period - Yegor Sharangovich is hit by Alexander Edler and loses puck.
Goals for this period are 1 for KANSAS CITY KILLERBEES vs 1 for UTAH ICE BEARS.
Shots for this period are 7 for KANSAS CITY KILLERBEES vs 10 for UTAH ICE BEARS.

3rd period


0:01 of 3rd period - Sean Couturier wins face-off versus Adam Mascherin in neutral zone.
0:12 of 3rd period - Shot by Sean Couturier.
0:12 of 3rd period - Shot Misses the Net.
1:25 of 3rd period - Icing by Nick Schmaltz.
1:26 of 3rd period - Artem Anisimov wins face-off versus Nicholas Ritchie in KANSAS CITY KILLERBEES zone.
1:43 of 3rd period - Shot by Nick Schmaltz.
1:43 of 3rd period - Shot Misses the Net.
3:36 of 3rd period - Icing by Nick Schmaltz.
3:37 of 3rd period - Adam Mascherin wins face-off versus Yegor Sharangovich in KANSAS CITY KILLERBEES zone.
3:48 of 3rd period - Shot by Casey Mittelstadt.
3:48 of 3rd period - Shot Misses the Net.
4:10 of 3rd period - Shot by Andrew Mangiapane.
4:10 of 3rd period - Stopped by John Gibson with a rebound.
4:30 of 3rd period - Nicholas Ritchie is hit by Zachary Sanford and loses puck.
4:37 of 3rd period - Shot by Mattias Janmark.
4:37 of 3rd period - Shot Misses the Net.
4:39 of 3rd period - Shot by Artem Zub.
4:39 of 3rd period - Shot Misses the Net.
4:41 of 3rd period - Shot by Artem Anisimov.
4:41 of 3rd period - Stopped by John Gibson with a rebound.
5:01 of 3rd period - Shot by Zachary Sanford.
5:01 of 3rd period - Shot Misses the Net.
5:03 of 3rd period - Shot by Artem Zub.
5:03 of 3rd period - Stopped by John Gibson without a rebound.
5:04 of 3rd period - Sean Couturier wins face-off versus Blake Lizotte in KANSAS CITY KILLERBEES zone.
5:20 of 3rd period - Icing by T.J. Brodie.
5:21 of 3rd period - Zach Aston-Reese wins face-off versus Blake Lizotte in UTAH ICE BEARS zone.
5:34 of 3rd period - Shot by Cam Fowler.
5:34 of 3rd period - Stopped by Devan Dubnyk without a rebound.
5:35 of 3rd period - Adam Mascherin wins face-off versus Sean Couturier in UTAH ICE BEARS zone.
5:45 of 3rd period - Andrew Mangiapane is hit by Jacob Muzzin and loses puck.
6:45 of 3rd period - Minor Penalty to Artem Zub for Roughing.
6:46 of 3rd period - Kyle Okposo wins face-off versus Yegor Sharangovich in UTAH ICE BEARS zone.
7:34 of 3rd period - Icing by Nick Schmaltz.
7:35 of 3rd period - Nick Schmaltz wins face-off versus Nicholas Paul in KANSAS CITY KILLERBEES zone.
8:52 of 3rd period - Shot by Trevor Moore.
8:52 of 3rd period - Shot Blocked by Artem Zub.
8:54 of 3rd period - Shot by Adam Larsson.
8:54 of 3rd period - Deflect By Zach Aston-Reese.
8:54 of 3rd period - Shot Misses the Net.
8:56 of 3rd period - Shot by Zach Aston-Reese.
8:56 of 3rd period - Stopped by Devan Dubnyk without a rebound.
8:57 of 3rd period - Blake Lizotte wins face-off versus Zach Aston-Reese in UTAH ICE BEARS zone.
10:56 of 3rd period - Icing by Trevor Moore.
10:57 of 3rd period - Artem Anisimov wins face-off versus Zach Aston-Reese in KANSAS CITY KILLERBEES zone.
12:04 of 3rd period - Icing by Riley Sheahan.
12:05 of 3rd period - Adam Mascherin wins face-off versus Zach Aston-Reese in KANSAS CITY KILLERBEES zone.
12:35 of 3rd period - Shot by Mark Stone.
12:35 of 3rd period - Shot Misses the Net.
12:43 of 3rd period - Jacob Muzzin is hit by Adam Mascherin and loses puck.
13:47 of 3rd period - Shot by Rudolfs Balcers.
13:47 of 3rd period - Stopped by John Gibson without a rebound.
13:48 of 3rd period - Josh Archibald wins face-off versus Zachary Sanford in KANSAS CITY KILLERBEES zone.
13:48 of 3rd period - Josh Archibald is hit by Zachary Sanford.
13:51 of 3rd period - Icing by Mark Stone.
13:52 of 3rd period - Artem Anisimov wins face-off versus Josh Archibald in KANSAS CITY KILLERBEES zone.
13:56 of 3rd period - Icing by K'Andre Miller.
13:57 of 3rd period - Artem Anisimov wins face-off versus Josh Archibald in KANSAS CITY KILLERBEES zone.
14:23 of 3rd period - Icing by Jacob Muzzin.
14:24 of 3rd period - Josh Archibald wins face-off versus Nicholas Paul in KANSAS CITY KILLERBEES zone.
16:18 of 3rd period - Shot by Mark Stone.
16:18 of 3rd period - Stopped by Devan Dubnyk without a rebound.
16:19 of 3rd period - Artem Anisimov wins face-off versus Josh Archibald in UTAH ICE BEARS zone.
16:25 of 3rd period - Josh Archibald is hit by MacKenzie Weegar.
16:35 of 3rd period - Shot by Artem Anisimov.
16:35 of 3rd period - Deflect By Zachary Sanford.
16:35 of 3rd period - Shot Misses the Net.
16:37 of 3rd period - Shot by T.J. Brodie.
16:37 of 3rd period - Stopped by John Gibson without a rebound.
16:38 of 3rd period - Sean Couturier wins face-off versus Matthew Phillips in KANSAS CITY KILLERBEES zone.
17:13 of 3rd period - Icing by Artem Zub.
17:14 of 3rd period - Blake Lizotte wins face-off versus Zach Aston-Reese in UTAH ICE BEARS zone.
17:48 of 3rd period - Shot by Zach Aston-Reese.
17:48 of 3rd period - Stopped by Devan Dubnyk without a rebound.
17:49 of 3rd period - Nicholas Paul wins face-off versus Sean Couturier in UTAH ICE BEARS zone.
18:06 of 3rd period - Shot by Mark Stone.
18:06 of 3rd period - Stopped by Devan Dubnyk without a rebound.
18:07 of 3rd period - Yegor Sharangovich wins face-off versus Mattias Janmark in UTAH ICE BEARS zone.
18:11 of 3rd period - Icing by Alexander Edler.
18:12 of 3rd period - Artem Anisimov wins face-off versus Yegor Sharangovich in UTAH ICE BEARS zone.
18:31 of 3rd period - Shot by Yegor Sharangovich.
18:31 of 3rd period - Stopped by Devan Dubnyk without a rebound.
18:32 of 3rd period - Nicholas Paul wins face-off versus Sean Couturier in UTAH ICE BEARS zone.
18:32 of 3rd period - Nicholas Paul is hit by Zach Hyman.
18:52 of 3rd period - Shot by Rudolfs Balcers.
18:52 of 3rd period - Shot Misses the Net.
19:20 of 3rd period - Icing by Nicholas Paul.
19:21 of 3rd period - Nicholas Paul wins face-off versus Sean Couturier in UTAH ICE BEARS zone.
19:52 of 3rd period - Shot by Mark Stone.
19:52 of 3rd period - Shot Misses the Net.
19:54 of 3rd period - Shot by Sean Couturier.
19:54 of 3rd period - Deflect By Mark Stone.
19:54 of 3rd period - Stopped by Devan Dubnyk without a rebound.
19:55 of 3rd period - Adam Mascherin wins face-off versus Nick Schmaltz in UTAH ICE BEARS zone.
Goals for this period are 0 for KANSAS CITY KILLERBEES vs 0 for UTAH ICE BEARS.
Shots for this period are 7 for KANSAS CITY KILLERBEES vs 5 for UTAH ICE BEARS.


NATHAN
MACKINNON
PHILLIP
DANAULT
CONNOR
MCDAVID

EAST COAST

HOCKEY LEAGUE

  • 25.QUE4CHI5
  • 26.CHA2LIM3
  • 27.TRV2LON3
  • 28.CHW4BAL2
  • 29.PITMAN
  • 30.ATLNHW
  • 31.WORPET
  • 32.RHI